Chicoutimi Sagueneens vs Texas Stars

Created - 7 novembre 2019 at 17:39

Goals
1 2 3 T
Chicoutimi Sagueneens 0 2 1 3
Texas Stars 0 0 1 1
Shots
1 2 3 T
Chicoutimi Sagueneens 13 16 14 43
Texas Stars 7 11 18 36

1st period

No Goal

Penalties :
Ryan Murphy (STA) for Hooking (Minor) at 2:55, Alan Quine (STA) for Cross-checking (Minor) at 10:27

2nd period

1. Chicoutimi Sagueneens , Spencer Foo 4 (Clark Bishop 1, Jacob Nilsson 8) at 4:08
2. Chicoutimi Sagueneens , Dylan Gambrell 6 (Spencer Foo 5, Alex Lintuniemi 9) at 19:00

Penalties :
Jakub Zboril (SAG) for Tripping (Minor) at 0:39, Jonathan Racine (SAG) for Hooking (Minor) at 6:08, Jacob Nilsson (SAG) for Roughing (Minor) at 8:58, Sam Lafferty (STA) for High sticking (Minor) at 12:22

3rd period

3. Texas Stars , Cale Fleury 1 (Sam Lafferty 7, Brad Hunt 11) at 3:06
4. Chicoutimi Sagueneens , Spencer Foo 5 (Dylan Gambrell 7, Aleksi Saarela 16) at 7:55

Penalties :
No Penalty

Goalie Stats

Marcus Hogberg (SAG), 35 saves from 36 shots - (0,972), W, 4-3-0, 60:00 minutes
Malcolm Subban (STA), 40 saves from 43 shots - (0,930), L, 6-3-1, 60:00 minutes

Players Stats for Chicoutimi Sagueneens

Player Name              G  A  P  +/- PIM S  H  SB GA TA FO     MP     PP MP  PK MP  
------------------------------------------------------------------------------------
Aleksi Saarela           0  1  1  -1  0   3  2  0  1  1  14/20  20:30   2:18   2:21 
Alex Lintuniemi          0  1  1   2  0   2  5  0  0  2  0/0    25:33   3:55   3:38 
Clark Bishop             0  1  1   1  0   0  0  0  0  0  0/1     7:16   0:20   0:21 
Corey Tropp              0  0  0   0  0   1  2  0  1  0  0/1    10:53   0:00   0:00 
Dylan Gambrell           1  1  2   2  0   11 0  1  0  0  17/23  19:14   3:29   1:31 
Dylan Sikura             0  0  0  -1  0   0  0  1  0  1  0/0     7:55   0:00   0:00 
Jacob Nilsson            0  1  1   1  2   0  1  2  0  1  0/0    22:55   2:02   1:30 
Jakub Zboril             0  0  0   2  2   2  2  0  0  1  0/0    24:19   3:55   2:25 
Jeff Taylor              0  0  0   0  0   0  1  2  0  0  0/0    12:59   0:00   0:35 
Jonathan Ang             0  0  0   0  0   0  1  0  0  0  0/0     0:44   0:10   0:00 
Jonathan Racine          0  0  0   0  2   0  1  0  1  1  0/0    14:00   0:00   1:37 
Josh Jooris              0  0  0  -1  0   0  1  1  0  0  1/1     7:55   0:00   0:00 
Laurent Dauphin          0  0  0   0  0   5  1  0  0  1  1/5    14:03   0:00   2:42 
Libor Hajek              0  0  0   0  0   0  1  0  0  0  0/0    21:53   2:02   2:09 
Miikka Salomaki          0  0  0   0  0   0  0  1  0  0  0/0    16:59   2:18   1:47 
Mike Vecchione           0  0  0   2  0   4  2  0  0  1  1/1    17:43   3:29   0:00 
Rocco Grimaldi           0  0  0   0  0   4  0  0  0  1  0/0    10:53   0:00   0:00 
Scott Wilson             0  0  0   0  0   3  0  0  0  1  0/0    17:47   2:18   2:19 
Spencer Foo              2  1  3   3  0   8  1  0  1  0  0/0    20:29   3:29   0:53 

Players Stats for Texas Stars

Player Name              G  A  P  +/- PIM S  H  SB GA TA FO     MP     PP MP  PK MP  
------------------------------------------------------------------------------------
Alan Quine               0  0  0  -1  2   4  2  0  2  0  5/19   22:51   2:26   2:43 
Brad Hunt                0  1  1  -1  0   3  0  1  0  0  0/0    19:19   2:38   2:07 
Cal Foote                0  0  0  -1  0   2  2  2  2  0  0/0    26:14   3:19   3:50 
Cale Fleury              1  0  1   0  0   2  0  0  0  1  0/0    15:08   0:00   1:31 
Colin Blackwell          0  0  0   0  0   3  0  0  0  0  3/4    11:18   0:24   0:47 
Connor Brickley          0  0  0  -1  0   5  1  1  1  1  0/1    23:20   2:26   3:42 
Josh Currie              0  0  0  -1  0   0  2  0  1  0  1/2    19:52   2:26   0:00 
Joshua Jacobs            0  0  0   0  0   2  1  1  0  0  0/0    14:37   0:00   0:28 
Juuso Riikola            0  0  0  -1  0   1  5  0  0  0  0/0    19:38   2:38   2:07 
Luke Johnson             0  0  0   0  0   1  2  0  3  0  4/17   16:10   3:07   1:19 
Luke Witkowski           0  0  0   0  0   1  3  0  1  0  1/1    16:52   3:07   1:47 
Michael Dal Colle        0  0  0   0  0   1  0  0  0  1  1/2    11:47   0:24   1:32 
Phil Varone              0  0  0   0  0   5  1  0  0  1  1/2    14:48   3:07   0:00 
Ryan Murphy              0  0  0  -1  2   2  0  0  0  0  0/0    25:04   3:19   1:51 
Sam Lafferty             0  1  1   0  2   0  0  0  1  0  0/0    10:51   0:24   0:04 
Spencer Smallman         0  0  0  -1  0   2  1  1  0  0  0/1     8:46   0:00   0:00 
Tobias Lindberg          0  0  0  -1  0   1  1  0  0  0  0/0     8:51   0:00   0:00 
Ty Dellandrea            0  0  0  -1  0   1  0  0  0  0  2/3     8:34   0:00   0:00 

3 Stars

1 - Spencer Foo (SAG)
2 - Marcus Hogberg (SAG)
3 - Dylan Gambrell (SAG)

Power Play

Chicoutimi Sagueneens - 0 on 3 Attempt(s) - 0,00%
Texas Stars - 0 on 3 Attempt(s) - 0,00%

Penalty Kill

Chicoutimi Sagueneens - 3 on 3 Attempt(s) - 100,00% - Score 0 goal in Penalty Kill
Texas Stars - 3 on 3 Attempt(s) - 100,00% - Score 0 goal in Penalty Kill

Team Stat

Chicoutimi Sagueneens - Hits : 21 - Faceoff Wins : 34 - Blocked Shots : 8 - Penalty Minutes : 6
Texas Stars - Hits : 21 - Faceoff Wins : 18 - Blocked Shots : 6 - Penalty Minutes : 6

Official

Referees : Dean Morton and Francois StLaurent
Linesman : Michel Cormier and Ryan Galloway

Game Notes

No Game Note

Finance

Level 1 -- Attendance: 1480 (74,00%) -- Ticket Income 51 800 $
Level 2 -- Attendance: 734 (73,40%) -- Ticket Income 11 010 $
Total Attendance: 2214 (73,80%)
Total Ticket Income: 62 810 $
Other Income: 30 777 $
Total Income: 93 587 $

Chicoutimi Sagueneens

5 vs 5 Forward 
   Center                   Left Wing                Right Wing               Time % Phy DF OF 
 1 Aleksi Saarela           Scott Wilson             Miikka Salomaki          35     1   2  2  
 2 Dylan Gambrell           Spencer Foo              Mike Vecchione           35     1   2  2  
 3 Laurent Dauphin          Rocco Grimaldi           Corey Tropp              20     1   2  2  
 4 Josh Jooris              Dylan Sikura             Aleksi Saarela           10     1   2  2  

5 vs 5 Defense 
   Defense                  Defense                                           Time % Phy DF OF 
 1 Alex Lintuniemi          Jakub Zboril                                      35     1   2  2  
 2 Jacob Nilsson            Libor Hajek                                       35     1   2  2  
 3 Jeff Taylor              Jonathan Racine                                   23     1   2  2  
 4 Alex Lintuniemi          Jakub Zboril                                      7      1   2  2  

PowerPlay Forward 
   Center                   Left Wing                Right Wing               Time % Phy DF OF 
 1 Aleksi Saarela           Scott Wilson             Miikka Salomaki          60     1   2  2  
 2 Dylan Gambrell           Spencer Foo              Mike Vecchione           40     1   2  2  

PowerPlay Defense
   Defense                  Defense                                           Time % Phy DF OF 
 1 Alex Lintuniemi          Jakub Zboril                                      60     1   2  2  
 2 Jacob Nilsson            Libor Hajek                                       40     1   2  2  

Penalty Kill 4 Players Forward 
   Center                   Wing                     Time % Phy DF OF 
 1 Aleksi Saarela           Scott Wilson             60     1   2  2  
 2 Dylan Gambrell           Miikka Salomaki          40     1   2  2  

Penalty Kill 4 Players Defense
   Defense                  Defense                  Time % Phy DF OF 
 1 Alex Lintuniemi          Jakub Zboril             60     1   2  2  
 2 Jacob Nilsson            Libor Hajek              40     1   2  2  

Penalty Kill - 3 Players Forward 
   Forward                                           Time % Phy DF OF 
 1 Aleksi Saarela                                    60     1   2  2  
 2 Scott Wilson                                      40     1   2  2  

Penalty Kill - 3 Players Defense
   Defense                  Defense                  Time % Phy DF OF 
 1 Alex Lintuniemi          Jakub Zboril             60     1   2  2  
 2 Jacob Nilsson            Libor Hajek              40     1   2  2  

4 vs 4 Forward 
   Center                   Wing                     Time % Phy DF OF 
 1 Aleksi Saarela           Scott Wilson             60     1   2  2  
 2 Dylan Gambrell           Miikka Salomaki          40     1   2  2  

4 vs 4 Defense
   Defense                  Defense                  Time % Phy DF OF 
 1 Alex Lintuniemi          Jakub Zboril             60     1   2  2  
 2 Jacob Nilsson            Libor Hajek              40     1   2  2  

Last Minutes Offensive
   Center                   Left Wing                Right Wing               Defense                  Defense                  
   Aleksi Saarela           Scott Wilson             Miikka Salomaki          Alex Lintuniemi          Jakub Zboril             

Last Minutes Defensive
   Center                   Left Wing                Right Wing               Defense                  Defense                  
   Aleksi Saarela           Scott Wilson             Miikka Salomaki          Alex Lintuniemi          Jakub Zboril             

Goaltenders
Starting : Marcus Hogberg           
Backup : Anthony Stolarz          

Extra Forwards
Normal : Clark Bishop, Jonathan Ang, Laurent Dauphin - PP : Clark Bishop, Jonathan Ang - PK : Laurent Dauphin
Extra Defensemen
Normal : Jeff Taylor, Jonathan Racine, Jacob Nilsson - PP : Jeff Taylor - PK : Jonathan Racine, Jacob Nilsson
Penalty Shots
Aleksi Saarela, Scott Wilson, Dylan Gambrell, Miikka Salomaki, Spencer Foo

Scratches
Samuel Laberge (Healthy), Ludwig Bystrom (Healthy), Nolan Stevens (Healthy), Maxim Letunov (Healthy), Bokondji Imama (Healthy)
Braden Christoffer (Healthy), Zach Frye (Healthy), Pascal Laberge (Healthy), Aaron Dell (Healthy), Ville Husso (Healthy)
Adin Hill (Healthy)

Texas Stars

5 vs 5 Forward 
   Center                   Left Wing                Right Wing               Time % Phy DF OF 
 1 Alan Quine               Connor Brickley          Josh Currie              40     1   2  2  
 2 Luke Johnson             Luke Witkowski           Phil Varone              30     1   2  2  
 3 Colin Blackwell          Sam Lafferty             Michael Dal Colle        20     1   2  2  
 4 Ty Dellandrea            Tobias Lindberg          Spencer Smallman         10     1   2  2  

5 vs 5 Defense 
   Defense                  Defense                                           Time % Phy DF OF 
 1 Ryan Murphy              Cal Foote                                         40     1   2  2  
 2 Juuso Riikola            Brad Hunt                                         30     1   2  2  
 3 Cale Fleury              Joshua Jacobs                                     20     1   2  2  
 4 Ryan Murphy              Cal Foote                                         10     1   2  2  

PowerPlay Forward 
   Center                   Left Wing                Right Wing               Time % Phy DF OF 
 1 Alan Quine               Connor Brickley          Josh Currie              60     1   2  2  
 2 Luke Johnson             Luke Witkowski           Phil Varone              40     1   2  2  

PowerPlay Defense
   Defense                  Defense                                           Time % Phy DF OF 
 1 Ryan Murphy              Cal Foote                                         60     1   2  2  
 2 Juuso Riikola            Brad Hunt                                         40     1   2  2  

Penalty Kill 4 Players Forward 
   Center                   Wing                     Time % Phy DF OF 
 1 Alan Quine               Connor Brickley          60     1   2  2  
 2 Luke Johnson             Luke Witkowski           40     1   2  2  

Penalty Kill 4 Players Defense
   Defense                  Defense                  Time % Phy DF OF 
 1 Ryan Murphy              Cal Foote                60     1   2  2  
 2 Juuso Riikola            Brad Hunt                40     1   2  2  

Penalty Kill - 3 Players Forward 
   Forward                                           Time % Phy DF OF 
 1 Alan Quine                                        60     1   2  2  
 2 Connor Brickley                                   40     1   2  2  

Penalty Kill - 3 Players Defense
   Defense                  Defense                  Time % Phy DF OF 
 1 Ryan Murphy              Cal Foote                60     1   2  2  
 2 Juuso Riikola            Brad Hunt                40     1   2  2  

4 vs 4 Forward 
   Center                   Wing                     Time % Phy DF OF 
 1 Alan Quine               Connor Brickley          60     1   2  2  
 2 Luke Johnson             Luke Witkowski           40     1   2  2  

4 vs 4 Defense
   Defense                  Defense                  Time % Phy DF OF 
 1 Ryan Murphy              Cal Foote                60     1   2  2  
 2 Juuso Riikola            Brad Hunt                40     1   2  2  

Last Minutes Offensive
   Center                   Left Wing                Right Wing               Defense                  Defense                  
   Alan Quine               Connor Brickley          Josh Currie              Ryan Murphy              Cal Foote                

Last Minutes Defensive
   Center                   Left Wing                Right Wing               Defense                  Defense                  
   Alan Quine               Connor Brickley          Josh Currie              Ryan Murphy              Cal Foote                

Goaltenders
Starting : Malcolm Subban           
Backup : Nick Schneider           

Extra Forwards
Normal : Colin Blackwell, Sam Lafferty, Michael Dal Colle - PP : Colin Blackwell, Sam Lafferty - PK : Michael Dal Colle
Extra Defensemen
Normal : Cale Fleury, Joshua Jacobs, Luke Witkowski - PP : Cale Fleury - PK : Joshua Jacobs, Luke Witkowski
Penalty Shots
Ryan Murphy, Alan Quine, Connor Brickley, Luke Johnson, Luke Witkowski

Scratches
Danick Martel (Healthy), Joseph Cramarossa (Healthy), Alex Breton (Healthy), Dustin Tokarski (Healthy), Richard Bachman (Healthy)

% Time on Ice - Chicoutimi Sagueneens

Lines # - Real PCT - Wanted PCT - Time Play
Normal Forward
1 - 31% - 35% - 15:04
2 - 30% - 35% - 14:14
3 - 23% - 20% - 10:53
4 - 16% - 10% - 7:55
Normal Defense
1 - 35% - 35% - 16:59
2 - 37% - 35% - 17:42
3 - 26% - 23% - 12:24
4 - 2% - 7% - 1:01
PP Forward
1 - 41% - 60% - 2:28
2 - 59% - 40% - 3:29
PP Defense
1 - 66% - 60% - 3:55
2 - 34% - 40% - 2:02
PK Forward
1 - 75% - 60% - 4:26
2 - 25% - 40% - 1:31
PK Defense
1 - 64% - 60% - 3:48
2 - 36% - 40% - 2:09
PK3 Forward
1 - 0% - 60%
2 - 0% - 40%
PK3 Defense
1 - 0% - 60%
2 - 0% - 40%
44 Forward
1 - 0% - 60%
2 - 0% - 40%
44 Defense
1 - 0% - 60%
2 - 0% - 40%
Last Minute Offensive  - 0:00
Last Minute Defensive  - 0:00
Total
Forward - 60:00
Defense - 60:00

% Time on Ice - Texas Stars

Lines # - Real PCT - Wanted PCT - Time Play
Normal Forward
1 - 39% - 40% - 18:59
2 - 24% - 30% - 11:30
3 - 19% - 20% - 9:03
4 - 18% - 10% - 8:34
Normal Defense
1 - 39% - 40% - 18:43
2 - 30% - 30% - 14:28
3 - 29% - 20% - 13:52
4 - 2% - 10% - 1:03
PP Forward
1 - 47% - 60% - 2:49
2 - 53% - 40% - 3:08
PP Defense
1 - 56% - 60% - 3:19
2 - 44% - 40% - 2:38
PK Forward
1 - 78% - 60% - 4:38
2 - 22% - 40% - 1:19
PK Defense
1 - 64% - 60% - 3:50
2 - 36% - 40% - 2:07
PK3 Forward
1 - 0% - 60%
2 - 0% - 40%
PK3 Defense
1 - 0% - 60%
2 - 0% - 40%
44 Forward
1 - 0% - 60%
2 - 0% - 40%
44 Defense
1 - 0% - 60%
2 - 0% - 40%
Last Minute Offensive  - 0:00
Last Minute Defensive  - 0:00
Total
Forward - 60:00
Defense - 60:00

Play-by-Play

1st period


0:01 of 1st period - Aleksi Saarela wins face-off versus Alan Quine in neutral zone.
0:26 of 1st period - Luke Johnson is hit by Alex Lintuniemi and loses puck.
1:11 of 1st period - Wrist shot by Alan Quine.
1:11 of 1st period - Stopped by Marcus Hogberg with a rebound.
2:06 of 1st period - Snap shot by Sam Lafferty.
2:06 of 1st period - Shot Misses the Net.
2:08 of 1st period - Slapshot by Colin Blackwell.
2:08 of 1st period - Stopped by Marcus Hogberg with a rebound.
2:10 of 1st period - Slapshot by Cale Fleury.
2:10 of 1st period - Shot Blocked by Jeff Taylor.
2:55 of 1st period - Minor Penalty to Ryan Murphy for Hooking.
2:56 of 1st period - Aleksi Saarela wins face-off versus Connor Brickley in Texas Stars zone.
3:12 of 1st period - Wrist shot by Aleksi Saarela.
3:12 of 1st period - Stopped by Malcolm Subban with a rebound.
3:22 of 1st period - Alex Lintuniemi is hit by Luke Witkowski and loses puck.
3:39 of 1st period - Connor Brickley is hit by Mike Vecchione and loses puck.
3:58 of 1st period - Wrist shot by Dylan Gambrell.
3:58 of 1st period - Stopped by Malcolm Subban with a rebound.
4:00 of 1st period - Snap shot by Spencer Foo.
4:00 of 1st period - Stopped by Malcolm Subban with a rebound.
4:02 of 1st period - Slapshot by Alex Lintuniemi.
4:02 of 1st period - Stopped by Malcolm Subban with a rebound.
4:04 of 1st period - Backhand shot by Alex Lintuniemi.
4:04 of 1st period - Deflect By Spencer Foo.
4:04 of 1st period - Stopped by Malcolm Subban with a rebound.
4:06 of 1st period - Snap shot by Dylan Gambrell.
4:06 of 1st period - Stopped by Malcolm Subban with a rebound.
4:08 of 1st period - Wrist shot by Dylan Gambrell.
4:08 of 1st period - Stopped by Malcolm Subban with a rebound.
4:55 of 1st period - Penalty to Ryan Murphy is over, Ryan Murphy is back on ice.
4:58 of 1st period - Slapshot by Dylan Gambrell.
4:58 of 1st period - Stopped by Malcolm Subban without a rebound.
4:59 of 1st period - Aleksi Saarela wins face-off versus Phil Varone in Texas Stars zone.
5:09 of 1st period - Backhand shot by Aleksi Saarela.
5:09 of 1st period - Stopped by Malcolm Subban with a rebound.
5:25 of 1st period - Phil Varone is hit by Corey Tropp and loses puck.
7:24 of 1st period - Ryan Murphy is hit by Josh Jooris and loses puck.
7:31 of 1st period - Jeff Taylor is hit by Phil Varone and loses puck.
8:19 of 1st period - Colin Blackwell is hit by Jonathan Ang and loses puck.
9:15 of 1st period - Icing by Brad Hunt.
9:16 of 1st period - Dylan Gambrell wins face-off versus Josh Currie in Texas Stars zone.
9:23 of 1st period - Snap shot by Laurent Dauphin.
9:23 of 1st period - Shot Misses the Net.
9:25 of 1st period - Wrist shot by Corey Tropp.
9:25 of 1st period - Deflect By Rocco Grimaldi.
9:25 of 1st period - Stopped by Malcolm Subban without a rebound.
9:26 of 1st period - Phil Varone wins face-off versus Laurent Dauphin in Texas Stars zone.
9:57 of 1st period - Colin Blackwell is hit by Spencer Foo and loses puck.
10:27 of 1st period - Minor Penalty to Alan Quine for Cross-checking.
10:28 of 1st period - Aleksi Saarela wins face-off versus Michael Dal Colle in Texas Stars zone.
10:53 of 1st period - Luke Johnson is hit by Alex Lintuniemi and loses puck.
11:02 of 1st period - Slapshot by Brad Hunt.
11:02 of 1st period - Stopped by Marcus Hogberg with a rebound.
11:19 of 1st period - Luke Johnson is hit by Aleksi Saarela and loses puck.
12:27 of 1st period - Penalty to Alan Quine is over, Alan Quine is back on ice.
12:29 of 1st period - Snap shot by Alan Quine.
12:29 of 1st period - Stopped by Marcus Hogberg with a rebound.
13:13 of 1st period - Wrist shot by Spencer Smallman.
13:13 of 1st period - Shot Misses the Net.
13:51 of 1st period - Spencer Foo is hit by Joshua Jacobs and loses puck.
14:26 of 1st period - Jakub Zboril is hit by Cal Foote and loses puck.
15:42 of 1st period - Dylan Gambrell is hit by Luke Johnson and loses puck.
15:53 of 1st period - Tobias Lindberg is hit by Corey Tropp and loses puck.
16:04 of 1st period - Ty Dellandrea is hit by Alex Lintuniemi and loses puck.
16:19 of 1st period - Slapshot by Josh Currie.
16:19 of 1st period - Shot Blocked by Jeff Taylor.
16:31 of 1st period - Brad Hunt is hit by Jakub Zboril and loses puck.
17:25 of 1st period - Snap shot by Connor Brickley.
17:25 of 1st period - Stopped by Marcus Hogberg with a rebound.
17:27 of 1st period - Wrist shot by Alan Quine.
17:27 of 1st period - Shot Misses the Net.
17:29 of 1st period - Slapshot by Josh Currie.
17:29 of 1st period - Shot Blocked by Miikka Salomaki.
17:31 of 1st period - Slapshot by Josh Currie.
17:31 of 1st period - Shot Misses the Net.
17:33 of 1st period - Wrist shot by Alan Quine.
17:33 of 1st period - Stopped by Marcus Hogberg with a rebound.
17:35 of 1st period - Slapshot by Alan Quine.
17:35 of 1st period - Shot Misses the Net.
17:37 of 1st period - Snap shot by Brad Hunt.
17:37 of 1st period - Stopped by Marcus Hogberg without a rebound.
17:38 of 1st period - Dylan Gambrell wins face-off versus Luke Johnson in Chicoutimi Sagueneens zone.
18:03 of 1st period - Snap shot by Laurent Dauphin.
18:03 of 1st period - Stopped by Malcolm Subban without a rebound.
18:04 of 1st period - Colin Blackwell wins face-off versus Laurent Dauphin in Texas Stars zone.
18:35 of 1st period - Wrist shot by Rocco Grimaldi.
18:35 of 1st period - Stopped by Malcolm Subban with a rebound.
18:37 of 1st period - Snap shot by Laurent Dauphin.
18:37 of 1st period - Shot Misses the Net.
18:39 of 1st period - Snap shot by Corey Tropp.
18:39 of 1st period - Shot Misses the Net.
18:41 of 1st period - Slapshot by Jacob Nilsson.
18:41 of 1st period - Deflect By Rocco Grimaldi.
18:41 of 1st period - Stopped by Malcolm Subban with a rebound.
18:43 of 1st period - Wrist shot by Laurent Dauphin.
18:43 of 1st period - Deflect By Rocco Grimaldi.
18:43 of 1st period - Shot Misses the Net.
18:43 of 1st period - Puck is out of play.
18:44 of 1st period - Michael Dal Colle wins face-off versus Dylan Gambrell in Texas Stars zone.
Goals for this period are 0 for Chicoutimi Sagueneens vs 0 for Texas Stars.
Shots for this period are 13 for Chicoutimi Sagueneens vs 7 for Texas Stars.

2nd period


0:01 of 2nd period - Mike Vecchione wins face-off versus Alan Quine in neutral zone.
0:10 of 2nd period - Wrist shot by Dylan Gambrell.
0:10 of 2nd period - Stopped by Malcolm Subban without a rebound.
0:11 of 2nd period - Alan Quine wins face-off versus Dylan Gambrell in Texas Stars zone.
0:26 of 2nd period - Wrist shot by Dylan Gambrell.
0:26 of 2nd period - Stopped by Malcolm Subban without a rebound.
0:27 of 2nd period - Luke Witkowski wins face-off versus Aleksi Saarela in Texas Stars zone.
0:39 of 2nd period - Minor Penalty to Jakub Zboril for Tripping.
0:40 of 2nd period - Aleksi Saarela wins face-off versus Alan Quine in Chicoutimi Sagueneens zone.
0:40 of 2nd period - Aleksi Saarela is hit by Josh Currie.
1:37 of 2nd period - Miikka Salomaki is hit by Luke Johnson and loses puck.
2:39 of 2nd period - Penalty to Jakub Zboril is over, Jakub Zboril is back on ice.
3:26 of 2nd period - Jacob Nilsson is hit by Spencer Smallman and loses puck.
3:50 of 2nd period - Snap shot by Spencer Foo.
3:50 of 2nd period - Shot Blocked by Spencer Smallman.
3:52 of 2nd period - Slapshot by Alex Lintuniemi.
3:52 of 2nd period - Shot Misses the Net.
4:00 of 2nd period - Snap shot by Clark Bishop.
4:00 of 2nd period - Shot Misses the Net.
4:08 of 2nd period - Slapshot by Spencer Foo.
4:08 of 2nd period - Goal by Spencer Foo - Chicoutimi Sagueneens : 1 - Texas Stars : 0.
4:09 of 2nd period - Josh Currie wins face-off versus Aleksi Saarela in neutral zone.
4:18 of 2nd period - Slapshot by Connor Brickley.
4:18 of 2nd period - Stopped by Marcus Hogberg without a rebound.
4:19 of 2nd period - Aleksi Saarela wins face-off versus Alan Quine in Chicoutimi Sagueneens zone.
4:19 of 2nd period - Aleksi Saarela is hit by Josh Currie.
4:34 of 2nd period - Aleksi Saarela is hit by Connor Brickley and loses puck.
6:08 of 2nd period - Minor Penalty to Jonathan Racine for Hooking.
6:09 of 2nd period - Luke Johnson wins face-off versus Dylan Gambrell in Chicoutimi Sagueneens zone.
6:11 of 2nd period - Wrist shot by Luke Johnson.
6:11 of 2nd period - Stopped by Marcus Hogberg with a rebound.
6:13 of 2nd period - Slapshot by Juuso Riikola.
6:13 of 2nd period - Deflect By Dylan Gambrell.
6:13 of 2nd period - Stopped by Marcus Hogberg with a rebound.
6:19 of 2nd period - Wrist shot by Luke Witkowski.
6:19 of 2nd period - Stopped by Marcus Hogberg with a rebound.
6:21 of 2nd period - Snap shot by Phil Varone.
6:21 of 2nd period - Stopped by Marcus Hogberg without a rebound.
6:22 of 2nd period - Dylan Gambrell wins face-off versus Luke Johnson in Chicoutimi Sagueneens zone.
6:33 of 2nd period - Snap shot by Laurent Dauphin.
6:33 of 2nd period - Stopped by Malcolm Subban without a rebound.
6:34 of 2nd period - Dylan Gambrell wins face-off versus Luke Johnson in Texas Stars zone.
7:21 of 2nd period - Icing by Ryan Murphy.
7:22 of 2nd period - Colin Blackwell wins face-off versus Clark Bishop in Texas Stars zone.
8:08 of 2nd period - Penalty to Jonathan Racine is over, Jonathan Racine is back on ice.
8:36 of 2nd period - Slapshot by Brad Hunt.
8:36 of 2nd period - Stopped by Marcus Hogberg with a rebound.
8:58 of 2nd period - Minor Penalty to Jacob Nilsson for Roughing.
8:59 of 2nd period - Aleksi Saarela wins face-off versus Alan Quine in Chicoutimi Sagueneens zone.
9:58 of 2nd period - Scott Wilson is hit by Juuso Riikola and loses puck.
10:58 of 2nd period - Penalty to Jacob Nilsson is over, Jacob Nilsson is back on ice.
11:02 of 2nd period - Jakub Zboril is hit by Juuso Riikola and loses puck.
12:22 of 2nd period - Minor Penalty to Sam Lafferty for High sticking.
12:23 of 2nd period - Alan Quine wins face-off versus Aleksi Saarela in Texas Stars zone.
13:04 of 2nd period - Alex Lintuniemi is hit by Alan Quine and loses puck.
13:52 of 2nd period - Dylan Gambrell is hit by Cal Foote.
13:56 of 2nd period - Ryan Murphy is hit by Mike Vecchione and loses puck.
14:22 of 2nd period - Penalty to Sam Lafferty is over, Sam Lafferty is back on ice.
14:27 of 2nd period - Wrist shot by Tobias Lindberg.
14:27 of 2nd period - Shot Misses the Net.
14:29 of 2nd period - Wrist shot by Ty Dellandrea.
14:29 of 2nd period - Stopped by Marcus Hogberg without a rebound.
14:30 of 2nd period - Ty Dellandrea wins face-off versus Laurent Dauphin in Chicoutimi Sagueneens zone.
14:31 of 2nd period - Snap shot by Spencer Smallman.
14:31 of 2nd period - Stopped by Marcus Hogberg without a rebound.
14:32 of 2nd period - Ty Dellandrea wins face-off versus Corey Tropp in Chicoutimi Sagueneens zone.
14:43 of 2nd period - Joshua Jacobs is hit by Jonathan Racine and loses puck.
14:55 of 2nd period - Icing by Cale Fleury.
14:56 of 2nd period - Dylan Gambrell wins face-off versus Alan Quine in Texas Stars zone.
15:00 of 2nd period - Slapshot by Libor Hajek.
15:00 of 2nd period - Shot Blocked by Joshua Jacobs.
15:06 of 2nd period - Snap shot by Mike Vecchione.
15:06 of 2nd period - Shot Blocked by Connor Brickley.
15:08 of 2nd period - Slapshot by Dylan Gambrell.
15:08 of 2nd period - Stopped by Malcolm Subban with a rebound.
15:10 of 2nd period - Snap shot by Spencer Foo.
15:10 of 2nd period - Stopped by Malcolm Subban with a rebound.
15:12 of 2nd period - Slapshot by Dylan Gambrell.
15:12 of 2nd period - Shot Misses the Net.
15:29 of 2nd period - Snap shot by Cal Foote.
15:29 of 2nd period - Stopped by Marcus Hogberg without a rebound.
15:30 of 2nd period - Luke Johnson wins face-off versus Dylan Gambrell in Chicoutimi Sagueneens zone.
15:31 of 2nd period - Wrist shot by Phil Varone.
15:31 of 2nd period - Stopped by Marcus Hogberg with a rebound.
15:35 of 2nd period - Snap shot by Phil Varone.
15:35 of 2nd period - Deflect By Mike Vecchione.
15:35 of 2nd period - Stopped by Marcus Hogberg without a rebound.
15:36 of 2nd period - Dylan Gambrell wins face-off versus Luke Johnson in Chicoutimi Sagueneens zone.
15:47 of 2nd period - Snap shot by Dylan Gambrell.
15:47 of 2nd period - Stopped by Malcolm Subban without a rebound.
15:48 of 2nd period - Dylan Gambrell wins face-off versus Alan Quine in Texas Stars zone.
15:51 of 2nd period - Slapshot by Dylan Gambrell.
15:51 of 2nd period - Stopped by Malcolm Subban without a rebound.
15:52 of 2nd period - Dylan Gambrell wins face-off versus Alan Quine in Texas Stars zone.
15:57 of 2nd period - Slapshot by Dylan Gambrell.
15:57 of 2nd period - Shot Misses the Net.
16:20 of 2nd period - Phil Varone is hit by Libor Hajek and loses puck.
17:20 of 2nd period - Off-side.
17:21 of 2nd period - Laurent Dauphin wins face-off versus Luke Johnson in neutral zone.
17:24 of 2nd period - Slapshot by Alex Lintuniemi.
17:24 of 2nd period - Deflect By Laurent Dauphin.
17:24 of 2nd period - Stopped by Malcolm Subban with a rebound.
17:26 of 2nd period - Slapshot by Jakub Zboril.
17:26 of 2nd period - Stopped by Malcolm Subban with a rebound.
17:28 of 2nd period - Wrist shot by Rocco Grimaldi.
17:28 of 2nd period - Stopped by Malcolm Subban without a rebound.
17:29 of 2nd period - Dylan Gambrell wins face-off versus Alan Quine in Texas Stars zone.
17:32 of 2nd period - Snap shot by Dylan Gambrell.
17:32 of 2nd period - Shot Misses the Net.
17:34 of 2nd period - Slapshot by Jakub Zboril.
17:34 of 2nd period - Stopped by Malcolm Subban without a rebound.
17:35 of 2nd period - Dylan Gambrell wins face-off versus Alan Quine in Texas Stars zone.
17:36 of 2nd period - Snap shot by Spencer Foo.
17:36 of 2nd period - Stopped by Malcolm Subban with a rebound.
17:38 of 2nd period - Slapshot by Spencer Foo.
17:38 of 2nd period - Deflect By Mike Vecchione.
17:38 of 2nd period - Shot Blocked by Cal Foote.
17:38 of 2nd period - Puck is out of play.
17:39 of 2nd period - Dylan Gambrell wins face-off versus Alan Quine in Texas Stars zone.
18:04 of 2nd period - Snap shot by Spencer Foo.
18:04 of 2nd period - Shot Blocked by Cal Foote.
18:06 of 2nd period - Slapshot by Alex Lintuniemi.
18:06 of 2nd period - Stopped by Malcolm Subban with a rebound.
18:12 of 2nd period - Snap shot by Spencer Foo.
18:12 of 2nd period - Stopped by Malcolm Subban with a rebound.
18:48 of 2nd period - Wrist shot by Dylan Gambrell.
18:48 of 2nd period - Shot Misses the Net.
18:50 of 2nd period - Slapshot by Spencer Foo.
18:50 of 2nd period - Shot Misses the Net.
18:58 of 2nd period - Snap shot by Spencer Foo.
18:58 of 2nd period - Shot Misses the Net.
19:00 of 2nd period - Snap shot by Dylan Gambrell.
19:00 of 2nd period - Goal by Dylan Gambrell - Chicoutimi Sagueneens : 2 - Texas Stars : 0.
19:01 of 2nd period - Luke Johnson wins face-off versus Aleksi Saarela in neutral zone.
19:28 of 2nd period - Rocco Grimaldi is hit by Juuso Riikola and loses puck.
19:55 of 2nd period - Icing by Ty Dellandrea.
19:56 of 2nd period - Aleksi Saarela wins face-off versus Ty Dellandrea in Texas Stars zone.
Goals for this period are 2 for Chicoutimi Sagueneens vs 0 for Texas Stars.
Shots for this period are 16 for Chicoutimi Sagueneens vs 11 for Texas Stars.

3rd period


0:01 of 3rd period - Luke Johnson wins face-off versus Dylan Gambrell in neutral zone.
0:06 of 3rd period - Slapshot by Cal Foote.
0:06 of 3rd period - Shot Misses the Net.
0:08 of 3rd period - Slapshot by Cal Foote.
0:08 of 3rd period - Stopped by Marcus Hogberg without a rebound.
0:09 of 3rd period - Dylan Gambrell wins face-off versus Luke Johnson in Chicoutimi Sagueneens zone.
0:09 of 3rd period - Dylan Gambrell is hit by Luke Witkowski.
0:24 of 3rd period - Slapshot by Phil Varone.
0:24 of 3rd period - Stopped by Marcus Hogberg with a rebound.
0:26 of 3rd period - Slapshot by Ryan Murphy.
0:26 of 3rd period - Shot Misses the Net.
0:28 of 3rd period - Snap shot by Luke Witkowski.
0:28 of 3rd period - Shot Misses the Net.
0:30 of 3rd period - Wrist shot by Phil Varone.
0:30 of 3rd period - Stopped by Marcus Hogberg with a rebound.
0:32 of 3rd period - Snap shot by Luke Witkowski.
0:32 of 3rd period - Shot Blocked by Dylan Gambrell.
0:34 of 3rd period - Snap shot by Phil Varone.
0:34 of 3rd period - Shot Misses the Net.
0:36 of 3rd period - Slapshot by Luke Johnson.
0:36 of 3rd period - Shot Misses the Net.
0:38 of 3rd period - Wrist shot by Luke Johnson.
0:38 of 3rd period - Shot Misses the Net.
0:40 of 3rd period - Slapshot by Ryan Murphy.
0:40 of 3rd period - Stopped by Marcus Hogberg without a rebound.
0:41 of 3rd period - Alan Quine wins face-off versus Aleksi Saarela in Chicoutimi Sagueneens zone.
1:06 of 3rd period - Jakub Zboril is hit by Juuso Riikola and loses puck.
1:15 of 3rd period - Wrist shot by Corey Tropp.
1:15 of 3rd period - Stopped by Malcolm Subban without a rebound.
1:16 of 3rd period - Dylan Gambrell wins face-off versus Luke Johnson in Texas Stars zone.
1:19 of 3rd period - Wrist shot by Mike Vecchione.
1:19 of 3rd period - Stopped by Malcolm Subban with a rebound.
1:31 of 3rd period - Wrist shot by Phil Varone.
1:31 of 3rd period - Shot Misses the Net.
1:43 of 3rd period - Snap shot by Michael Dal Colle.
1:43 of 3rd period - Stopped by Marcus Hogberg with a rebound.
1:45 of 3rd period - Wrist shot by Michael Dal Colle.
1:45 of 3rd period - Shot Blocked by Jacob Nilsson.
1:47 of 3rd period - Slapshot by Colin Blackwell.
1:47 of 3rd period - Deflect By Dylan Gambrell.
1:47 of 3rd period - Stopped by Marcus Hogberg with a rebound.
1:49 of 3rd period - Slapshot by Colin Blackwell.
1:49 of 3rd period - Stopped by Marcus Hogberg with a rebound.
2:03 of 3rd period - Snap shot by Josh Currie.
2:03 of 3rd period - Shot Misses the Net.
2:12 of 3rd period - Wrist shot by Mike Vecchione.
2:12 of 3rd period - Stopped by Malcolm Subban without a rebound.
2:13 of 3rd period - Aleksi Saarela wins face-off versus Luke Johnson in Texas Stars zone.
2:48 of 3rd period - Snap shot by Laurent Dauphin.
2:48 of 3rd period - Stopped by Malcolm Subban with a rebound.
2:50 of 3rd period - Snap shot by Alex Lintuniemi.
2:50 of 3rd period - Shot Misses the Net.
3:00 of 3rd period - Slapshot by Brad Hunt.
3:00 of 3rd period - Shot Blocked by Josh Jooris.
3:02 of 3rd period - Snap shot by Sam Lafferty.
3:02 of 3rd period - Shot Misses the Net.
3:04 of 3rd period - Slapshot by Cale Fleury.
3:04 of 3rd period - Shot Misses the Net.
3:06 of 3rd period - Slapshot by Cale Fleury.
3:06 of 3rd period - Goal by Cale Fleury - Chicoutimi Sagueneens : 2 - Texas Stars : 1.
3:07 of 3rd period - Dylan Gambrell wins face-off versus Luke Johnson in neutral zone.
3:12 of 3rd period - Wrist shot by Mike Vecchione.
3:12 of 3rd period - Stopped by Malcolm Subban with a rebound.
3:14 of 3rd period - Wrist shot by Dylan Gambrell.
3:14 of 3rd period - Stopped by Malcolm Subban without a rebound.
3:15 of 3rd period - Dylan Gambrell wins face-off versus Luke Johnson in Texas Stars zone.
3:22 of 3rd period - Wrist shot by Ryan Murphy.
3:22 of 3rd period - Deflect By Mike Vecchione.
3:22 of 3rd period - Stopped by Marcus Hogberg without a rebound.
3:23 of 3rd period - Aleksi Saarela wins face-off versus Alan Quine in Chicoutimi Sagueneens zone.
3:28 of 3rd period - Slapshot by Aleksi Saarela.
3:28 of 3rd period - Stopped by Malcolm Subban without a rebound.
3:29 of 3rd period - Alan Quine wins face-off versus Aleksi Saarela in Texas Stars zone.
3:29 of 3rd period - Alan Quine is hit by Aleksi Saarela.
3:39 of 3rd period - Slapshot by Connor Brickley.
3:39 of 3rd period - Stopped by Marcus Hogberg with a rebound.
4:03 of 3rd period - Wrist shot by Spencer Foo.
4:03 of 3rd period - Stopped by Malcolm Subban with a rebound.
4:22 of 3rd period - Off-side.
4:23 of 3rd period - Aleksi Saarela wins face-off versus Spencer Smallman in neutral zone.
4:39 of 3rd period - Slapshot by Aleksi Saarela.
4:39 of 3rd period - Deflect By Scott Wilson.
4:39 of 3rd period - Deflect By Juuso Riikola.
4:39 of 3rd period - Shot Misses the Net.
4:39 of 3rd period - Puck is out of play.
4:40 of 3rd period - Alan Quine wins face-off versus Dylan Gambrell in Texas Stars zone.
4:53 of 3rd period - Wrist shot by Spencer Foo.
4:53 of 3rd period - Shot Blocked by Brad Hunt.
4:55 of 3rd period - Slapshot by Mike Vecchione.
4:55 of 3rd period - Deflect By Brad Hunt.
4:55 of 3rd period - Stopped by Malcolm Subban with a rebound.
5:48 of 3rd period - Slapshot by Tobias Lindberg.
5:48 of 3rd period - Stopped by Marcus Hogberg with a rebound.
5:50 of 3rd period - Backhand shot by Joshua Jacobs.
5:50 of 3rd period - Shot Misses the Net.
5:52 of 3rd period - Slapshot by Joshua Jacobs.
5:52 of 3rd period - Stopped by Marcus Hogberg with a rebound.
5:54 of 3rd period - Snap shot by Tobias Lindberg.
5:54 of 3rd period - Shot Misses the Net.
6:26 of 3rd period - Wrist shot by Luke Johnson.
6:26 of 3rd period - Shot Blocked by Jacob Nilsson.
7:55 of 3rd period - Snap shot by Spencer Foo.
7:55 of 3rd period - Goal by Spencer Foo - Chicoutimi Sagueneens : 3 - Texas Stars : 1.
7:56 of 3rd period - Dylan Gambrell wins face-off versus Alan Quine in neutral zone.
8:26 of 3rd period - Luke Witkowski is hit by Alex Lintuniemi and loses puck.
9:01 of 3rd period - Joshua Jacobs is hit by Jacob Nilsson and loses puck.
10:53 of 3rd period - Wrist shot by Alan Quine.
10:53 of 3rd period - Stopped by Marcus Hogberg with a rebound.
10:55 of 3rd period - Snap shot by Alan Quine.
10:55 of 3rd period - Shot Misses the Net.
10:57 of 3rd period - Wrist shot by Connor Brickley.
10:57 of 3rd period - Stopped by Marcus Hogberg without a rebound.
10:58 of 3rd period - Aleksi Saarela wins face-off versus Luke Johnson in Chicoutimi Sagueneens zone.
10:58 of 3rd period - Aleksi Saarela is hit by Luke Witkowski.
11:04 of 3rd period - Wrist shot by Scott Wilson.
11:04 of 3rd period - Stopped by Malcolm Subban with a rebound.
11:08 of 3rd period - Wrist shot by Scott Wilson.
11:08 of 3rd period - Stopped by Malcolm Subban without a rebound.
11:09 of 3rd period - Aleksi Saarela wins face-off versus Luke Johnson in Texas Stars zone.
11:12 of 3rd period - Wrist shot by Scott Wilson.
11:12 of 3rd period - Shot Misses the Net.
11:20 of 3rd period - Jacob Nilsson is hit by Juuso Riikola and loses puck.
11:40 of 3rd period - Brad Hunt is hit by Jakub Zboril.
11:46 of 3rd period - Wrist shot by Scott Wilson.
11:46 of 3rd period - Stopped by Malcolm Subban without a rebound.
11:47 of 3rd period - Dylan Gambrell wins face-off versus Luke Johnson in Texas Stars zone.
12:12 of 3rd period - Jakub Zboril is hit by Tobias Lindberg and loses puck.
12:21 of 3rd period - Snap shot by Spencer Smallman.
12:21 of 3rd period - Stopped by Marcus Hogberg with a rebound.
12:23 of 3rd period - Slapshot by Cale Fleury.
12:23 of 3rd period - Deflect By Alex Lintuniemi.
12:23 of 3rd period - Stopped by Marcus Hogberg with a rebound.
12:25 of 3rd period - Snap shot by Spencer Smallman.
12:25 of 3rd period - Shot Hit the Post.
14:52 of 3rd period - Snap shot by Connor Brickley.
14:52 of 3rd period - Stopped by Marcus Hogberg without a rebound.
14:53 of 3rd period - Josh Jooris wins face-off versus Alan Quine in Chicoutimi Sagueneens zone.
14:53 of 3rd period - Josh Jooris is hit by Alan Quine.
15:09 of 3rd period - Snap shot by Alan Quine.
15:09 of 3rd period - Shot Misses the Net.
17:32 of 3rd period - Slapshot by Cale Fleury.
17:32 of 3rd period - Shot Blocked by Dylan Sikura.
17:34 of 3rd period - Snap shot by Connor Brickley.
17:34 of 3rd period - Shot Misses the Net.
17:36 of 3rd period - Slapshot by Joshua Jacobs.
17:36 of 3rd period - Stopped by Marcus Hogberg without a rebound.
17:37 of 3rd period - Colin Blackwell wins face-off versus Laurent Dauphin in Chicoutimi Sagueneens zone.
17:50 of 3rd period - Snap shot by Laurent Dauphin.
17:50 of 3rd period - Stopped by Malcolm Subban without a rebound.
17:51 of 3rd period - Aleksi Saarela wins face-off versus Colin Blackwell in Texas Stars zone.
18:18 of 3rd period - Luke Johnson is hit by Alex Lintuniemi and loses puck.
18:47 of 3rd period - Luke Witkowski is hit by Jeff Taylor and loses puck.
19:06 of 3rd period - Wrist shot by Aleksi Saarela.
19:06 of 3rd period - Shot Misses the Net.
19:32 of 3rd period - Brad Hunt is hit by Laurent Dauphin and loses puck.
Goals for this period are 1 for Chicoutimi Sagueneens vs 1 for Texas Stars.
Shots for this period are 14 for Chicoutimi Sagueneens vs 18 for Texas Stars. Output by the SimonT Hockey Simulator (STHS) for Eric Tremblay - Original Page W3C HTML5 Valid
Hockey Simulator - Hockey Simulation - Hockey Manager